 Dungeon Crawl Stone Soup version 0.31-a0-236-g9a0961fb85 (webtiles) character file.

Game seed: 1282172972659469362

141 qw the Shooter (level 5, -10/30 HPs)
             Began as a Gargoyle Hexslinger on July 9, 2023.
             Mangled by Menkaure (17 damage)
             ... on level 4 of the Dungeon.
             The game lasted 00:00:57 (2361 turns).

qw the Shooter (Gargoyle Hexslinger)                Turns: 2361, Time: 00:00:57

Health: -10/30     AC: 11    Str: 11    XL:     5   Next: 24%
Magic:  6/6        EV: 10    Int: 14    God:
Gold:   209        SH:  0    Dex: 20    Spells: 5/6 levels left

rFire   + . .        Y - +1 sling (heavy)
rCold   + . .        (no shield)
rNeg    + . .        d - +0 ring mail
rPois   inf          g - +0 helmet
rElec   +            c - scarf {rC+ rF+}
rCorr   .            j - +0 pair of gloves
SInv    .            (no boots)
Will    .....        (no amulet)
Stlth   +            i - +4 ring of slaying {mikee}
HPRegen 0.25/turn    n - +6 ring of dexterity
MPRegen 0.10/turn

%: no passive effects
@: no status effects
A: sickness immunity, AC +4, negative energy resistance 1, electricity
resistance, torment resistance 1, petrification resistance
a: no special abilities


You were on level 4 of the Dungeon.
You visited 1 branch of the dungeon, and saw 4 of its levels.

You collected 209 gold pieces.


Innate Abilities, Weirdness & Mutations

You are immune to sickness and miasma.
Your stone body is resilient. (AC +4)
You are immune to poison.
You resist negative energy. (rN+)
You are resistant to electric shocks. (rElec)
You are resistant to unholy torment.
You are immune to petrification.


   Skills:
 - Level 2.0 Fighting
 + Level 4.8 Ranged Weapons
 - Level 1.0 Armour
 - Level 1.5 Dodging
 - Level 1.0 Spellcasting
 - Level 2.6 Hexes


You had 5 spell levels left.
You knew the following spells:

 Your Spells              Type           Power      Damage    Failure   Level
a - Slow                  Hex            32%        N/A       21%         1

Your spell library contained the following spells:

 Spells                   Type           Power      Damage    Failure   Level
 Inner Flame              Hex/Fire       4%         N/A       71%         3
 Portal Projectile        Hex/Tloc       8%         N/A       71%         3
 Cause Fear               Hex            4%         N/A       90%         4

Inventory:

Hand Weapons
 Y - a +1 heavy sling (weapon)
Armour
 c - a scarf of resistance (worn)
 d - a +0 ring mail (worn)
 g - a +0 helmet (worn)
 j - a +0 pair of gloves (worn)
Jewellery
 i - a +4 ring of slaying (left hand) {mikee}
 n - a +6 ring of dexterity (right hand)
Scrolls
 e - a scroll of identify
Potions
 a - a potion of magic {unknown}
 b - a potion of curing
 f - 3 potions of enlightenment
 h - a potion of haste
 k - a potion of ambrosia {unknown}
 l - a potion of brilliance {unknown}
 m - a potion of mutation {unknown}

Dungeon Overview and Level Annotations

Branches:
Dungeon (4/15)
 Temple: D:4-7

Altars:
Gozag
Ru
The Shining One

Shops:
D:2 :=

Annotations:
D:4 Menkaure


Message History

The endoplasm quivers.
The sling bullet hits the orc!
You kill the orc!
A hobgoblin comes into view.
You shoot a sling bullet. The hobgoblin shouts!
The sling bullet hits the endoplasm!
You kill the endoplasm!
You shoot a sling bullet. The sling bullet hits Menkaure!
Menkaure is heavily damaged.
You shoot a sling bullet.
The sling bullet barely misses Menkaure.
You shoot a sling bullet. The sling bullet hits Menkaure!
Menkaure is almost destroyed.
The hobgoblin hits you but does no damage.
Menkaure hits you!!
Ouch! That really hurt!
The hobgoblin closely misses you.
Menkaure calls on the powers of darkness!
The hobgoblin convulses!
Your body is wracked with pain!
You shoot a sling bullet.
The sling bullet closely misses Menkaure.
The hobgoblin closely misses you. Menkaure casts a spell at you.
Pain shoots through your body!
The hobgoblin hits you but does no damage.
You shoot a sling bullet.
The sling bullet hits Menkaure but does no damage.
Menkaure is almost destroyed.
The hobgoblin barely misses you. Menkaure casts a spell at you.
Pain shoots through your body!
The hobgoblin hits you but does no damage.
Menkaure barely misses you.
You shoot a sling bullet.
The sling bullet completely misses Menkaure.
The hobgoblin hits you but does no damage.
Menkaure hits you!
Ouch! That really hurt!
You die...

..........
...)....#
........#.
#.........
#.........
#..??.....
##..M......
#..@g......
#.....##...
#<..#.#
#.).#####
#....##
##... ####


You could see Menkaure and a hobgoblin.

Vanquished Creatures
  A jelly (D:2)
  An orc wizard (D:3)
  A gnoll (D:2)
  3 worms
  3 dart slugs
  8 orcs
  4 endoplasms
  5 goblins
  8 hobgoblins
  2 jackals (D:1)
  A quokka (D:1)
  4 ball pythons
  4 bats
  A frilled lizard (D:2)
  3 kobolds
  3 rats (D:1)
52 creatures vanquished.

Notes
Turn   | Place    | Note
-------+----------+-------------------------------------------
     0 | D:1      | qw the Gargoyle Hexslinger began the quest for the Orb.
     0 | D:1      | Reached XP level 1. HP: 12/12 MP: 2/2
     0 | D:1      | 0 ||| qw: Version: 0.3-a-51-g015441d
     0 | D:1      | 0 ||| qw: Game counter: 4418
     0 | D:1      | 0 ||| qw: Melee chars always use a shield: true
     0 | D:1      | 0 ||| qw: God list: Okawaru
     0 | D:1      | 0 ||| qw: Allow faded altars: false
     0 | D:1      | 0 ||| qw: Do Orc after clearing Dungeon:15 true
     0 | D:1      | 0 ||| qw: Do second Lair branch before Depths: true
     0 | D:1      | 0 ||| qw: Lair rune preference: random
     0 | D:1      | 0 ||| qw: Goals: Normal
     0 | D:1      | 0 ||| PLANNING D:1-11
    89 | D:1      | You fall into a shaft and drop 1 floor!
    90 | D:2      | 90 ||| UPGRADING to +0 ring mail.
   100 | D:2      | 100 ||| DROPPING +0 robe.
   101 | D:2      | 101 ||| DROPPING scroll of poison.
   114 | D:2      | Reached XP level 2. HP: 11/16 MP: 3/3
   149 | D:1      | Reached skill level 3 in Ranged Weapons
   541 | D:1      | Reached XP level 3. HP: 21/21 MP: 4/4
   714 | D:1      | 714 ||| UPGRADING to +0 helmet.
   719 | D:1      | 719 ||| READING scroll labelled WOHEICH ROHU.
   720 | D:1      | 720 ||| READING scroll labelled RUTRUIBYOWK.
   721 | D:1      | 721 ||| READING 3 scrolls labelled ATEIJY LI MUWK.
   722 | D:1      | 722 ||| DRINKING 3 bubbling silvery potions.
   723 | D:1      | 723 ||| READING 2 scrolls of identify.
   723 | D:1      | 723 ||| IDENTIFYING sapphire potion
   838 | D:2      | Reached skill level 1 in Armour
  1066 | D:2      | Found Cavoar's Book Shoppe.
  1191 | D:2      | Found Waidgh's Jewellery Shop.
  1199 | D:2      | 1199 ||| SHOPLISTING +6 ring of dexterity (396 gold, have
                  | 92).
  1199 | D:2      | 1199 ||| SHOPLISTING amulet of faith (440 gold, have 92).
  1199 | D:2      | 1199 ||| SHOPLISTING amulet of reflection (330 gold, have
                  | 92).
  1199 | D:2      | 1199 ||| SHOPLISTING ring of fire (275 gold, have 92).
  1199 | D:2      | 1199 ||| SHOPLISTING ring of positive energy (220 gold,
                  | have 92).
  1319 | D:2      | Reached XP level 4. HP: 26/26 MP: 5/5
  1435 | D:2      | 1435 ||| READING scroll labelled TOYN RI TEZ.
  1536 | D:2      | 1536 ||| READING scroll labelled RAMNECKIEN.
  1539 | D:2      | 1539 ||| READING 2 scrolls labelled EBBUOLUCKO.
  1539 | D:2      | Identified 2 scrolls of acquirement
  1539 | D:2      | 1539 ||| ACQUIRING scarf of resistance
  1539 | D:2      | Acquired a scarf of resistance
  1541 | D:2      | 1541 ||| UPGRADING to scarf of resistance.
  1546 | D:2      | 1546 ||| READING scroll of acquirement.
  1546 | D:2      | 1546 ||| ACQUIRING +4 ring of slaying
  1546 | D:2      | Acquired a +4 ring of slaying
  1548 | D:2      | 1548 ||| UPGRADING to +4 ring of slaying {mikee}.
  1574 | D:3      | Found a faded altar of an unknown god.
  1641 | D:3      | Found an opulent altar of Gozag.
  1705 | D:3      | Reached skill level 4 in Ranged Weapons
  1739 | D:3      | Found a glowing golden altar of the Shining One.
  1818 | D:3      | 1818 ||| FLEEEEING.
  1819 | D:3      | 1819 ||| FLEEEEING.
  1820 | D:3      | 1820 ||| FLEEEEING.
  1821 | D:3      | 1821 ||| FLEEEEING.
  1822 | D:3      | 1822 ||| FLEEEEING.
  1837 | D:3      | 1837 ||| FLEEEEING.
  1838 | D:3      | 1838 ||| FLEEEEING.
  1839 | D:3      | 1839 ||| FLEEEEING.
  1840 | D:3      | 1840 ||| FLEEEEING.
  1841 | D:3      | 1841 ||| FLEEEEING.
  1842 | D:3      | 1842 ||| FLEEEEING.
  1843 | D:3      | 1843 ||| FLEEEEING.
  1844 | D:3      | 1844 ||| FLEEEEING.
  1845 | D:3      | 1845 ||| FLEEEEING.
  1846 | D:3      | 1846 ||| FLEEEEING.
  1847 | D:3      | 1847 ||| FLEEEEING.
  1848 | D:3      | 1848 ||| FLEEEEING.
  1849 | D:3      | 1849 ||| FLEEEEING.
  1864 | D:3      | 1864 ||| FLEEEEING.
  1865 | D:3      | 1865 ||| FLEEEEING.
  1866 | D:3      | 1866 ||| FLEEEEING.
  1867 | D:3      | 1867 ||| FLEEEEING.
  1868 | D:3      | 1868 ||| FLEEEEING.
  1869 | D:3      | 1869 ||| FLEEEEING.
  1880 | D:3      | HP: 2/26 [something/magic dart (7)]
  1882 | D:3      | Reached XP level 5. HP: 3/30 MP: 6/6
  1890 | D:3      | 1890 ||| FLEEEEING.
  1891 | D:3      | 1891 ||| FLEEEEING.
  1901 | D:3      | 1901 ||| STAIRDANCE
  1987 | D:2      | 1987 ||| UPGRADING to +0 pair of gloves.
  1992 | D:2      | 1992 ||| UPGRADING to +6 ring of dexterity.
  1993 | D:2      | 1993 ||| READING scroll labelled XATIZO CEFOAX.
  2288 | D:3      | Found a sacrificial altar of Ru.
  2334 | D:3      | 2334 ||| DRINKING 2 cyan potions.
  2353 | D:4      | Noticed Menkaure
  2360 | D:4      | HP: 7/30 [Menkaure/nerve-wracking pain (3)]
  2361 | D:4      | Mangled by Menkaure

Levels and vault maps discovered:
D:1:      dpeg_arrival_rhombi, layout_basic
D:2:      minmay_alternating_diamond, layout_loops_ring, serial_shops,
          nicolae_shop_competitors_out_of_business, shop
D:3:      layout_rooms, grunt_gozag_breadcrumbs, mainiacjoe_overflow_alcove_2,
          nicolae_ru_path_of_blood, basic_ecumenical_altar
D:4:      cheibrodos_helix_gallery, layout_cave_pools,
          makhleb_blood_cavern_becter,
          mainiacjoe_overflow_concentric_impassable, minmay_manual_monolith,
          uniq_menkaure

Skill      XL: |  1  2  3  4 |
---------------+-------------+-----
Ranged Weapons | 3 4 |  4.8
Fighting       | 2 |  2.0
Armour         | 1 |  1.0
Dodging        | |  1.5
Spellcasting   | |  1.0
Hexes          | |  2.6

Action                     |  1- 3 |  4- 6 || total
---------------------------+-------+-------++-------
   Fire: Sling             |    92 |    68 ||   160
    Use: Scroll            |     4 |     5 ||     9
         Potion            |     1 |     1 ||     2
 Armour: Ring mail         |    15 |    32 ||    47
  Dodge: Dodged            |    30 |    15 ||    45

Table legend:
 A = Non-vault XP
 B = Vault XP
 C = Vault XP percentage of total XP
 D = Non-vault monster count
 E = Vault monster count
 F = Vault count percentage of total count
                 A         B        C        D         E       F
            +---------+---------+-------+---------+---------+-------
      Total |     186 |      16 |   7.9 |      50 |       2 |   3.8
            +---------+---------+-------+---------+---------+-------
        D:1 |      31 |       0 |   0.0 |      16 |       0 |   0.0
        D:2 |      58 |      16 |  21.6 |       8 |       2 |  20.0
        D:3 |      88 |       0 |   0.0 |      22 |       0 |   0.0
        D:4 |       9 |       0 |   0.0 |       4 |       0 |   0.0
            +---------+---------+-------+---------+---------+-------
